 Dungeon Crawl Stone Soup version 0.23.2-1-ga50397a (webtiles) character file.

Game seed: 2389296559603640072

112 xveg the Vandal (level 4, -3/37 HPs)
             Began as a Minotaur Hunter on May 15, 2019.
             Slain by Grinder (8 damage)
             ... on level 3 of the Dungeon.
             The game lasted 00:02:56 (2092 turns).

xveg the Vandal (Minotaur Hunter)                   Turns: 2092, Time: 00:02:57

Health: -3/37      AC:  8    Str: 17    XL:     4   Next: 63%
Magic:  3/3        EV:  4    Int:  8    God:
Gold:   98         SH:  7    Dex: 11    Spells: 3/3 levels left

rFire    . . .     SeeInvis .   a - +1 hunting sling
rCold    . . .     Gourm    .   s - +0 shield
rNeg     . . .     Faith    .   n - +0 chain mail
rPois    .         Spirit   .   (helmet restricted)
rElec    .         Reflect  .   (no cloak)
rCorr    .         Harm     .   (no gloves)
MR       .....                  (no boots)
Stlth    ..........             (no amulet)
HPRegen  0.12/turn              (no ring)
MPRegen  0.08/turn              (no ring)

@: no status effects
A: retaliatory headbutt, horns 2
a: no special abilities


You were on level 3 of the Dungeon.
You were not hungry.

You visited 1 branch of the dungeon, and saw 3 of its levels.

You collected 98 gold pieces.

Inventory:

Hand Weapons
 a - a +1 hunting sling (weapon)
 b - a +0 short sword
Missiles
 d - 19 sling bullets
 e - 163 stones (quivered)
Armour
 c - a +0 leather armour
 n - a +0 chain mail (worn)
 s - a +0 shield (worn)
Scrolls
 j - a scroll of remove curse {unknown}
 k - a scroll of magic mapping {unknown}
 l - a scroll of noise {unknown}
 m - 2 scrolls of teleportation {unknown}
 p - 3 scrolls of identify {unknown}
 q - a scroll of immolation {unknown}
 r - 2 scrolls of amnesia {unknown}
Potions
 g - a potion of berserk rage {unknown}
 h - 2 potions of might {unknown}
 i - 4 potions of curing {unknown}
 o - 3 potions of heal wounds {unknown}
 t - 2 potions of haste {unknown}
Comestibles
 f - 10 rations


   Skills:
 + Level 2.9 Fighting
 * Level 6.2 Slings
 + Level 1.7 Armour
 + Level 2.2 Dodging
 + Level 0.7 Stealth


You had 3 spell levels left.
You didn't know any spells.
Your spell library was empty.

Dungeon Overview and Level Annotations

Branches:
Dungeon (3/15)

Altars:
Uskayaw

Annotations:
D:3 Grinder


Innate Abilities, Weirdness & Mutations

You reflexively headbutt those who attack you in melee.
You have a pair of horns on your head.


Message History

Grinder hits you but does no damage. Grinder hits you but does no damage.
Grinder hits you!
You writhe in agony.
Grinder hits you but does no damage. Grinder gestures at you.
You barely resist.
You can move again.
You are too injured to fight recklessly!
Sorry, you're not good enough to have a special ability.
Sorry, you're not good enough to have a special ability.
You are too injured to fight recklessly!
Firing (i - inventory. (/) - cycle)
e - 164 stones (quivered)
Press: ? - help, Shift-Dir - straight line, f/p - Grinder
Aim: Grinder (lightly wounded)
You shoot a stone. The stone barely misses Grinder.
Grinder hits you.
* * * LOW HITPOINT WARNING * * *
You writhe in agony.
* * * LOW HITPOINT WARNING * * *
Grinder hits you!
You die...

.#.##.###.#
$.##.# #.# ##
#.##.# #.# #..
#.##.# #.# ..#
### ###....# #.#
... ... #....###
#.#
#.###.###.##.# .#
#...#.#...##.#
#@#(#.####.#
#.5..(# #.#
#.......(..(((...
###############.#
#.#


You could see Grinder.

Vanquished Creatures
  A gnoll (D:1)
  3 adders (D:2)
  A dart slug (D:2)
  2 leopard geckos
  2 orcs (D:3)
  A ball python (D:1)
  7 bats
  4 giant cockroaches (D:1)
  6 goblins
  6 hobgoblins
  6 jackals (D:1)
  A quokka (D:2)
  5 frilled lizards
  12 kobolds
  8 rats
65 creatures vanquished.

Notes
Turn   | Place    | Note
-------+----------+-------------------------------------------
     0 | D:1      | xveg the Minotaur Hunter began the quest for the Orb.
     0 | D:1      | Reached XP level 1. HP: 18/18 MP: 0/0
    47 | D:1      | Reached XP level 2. HP: 6/25 MP: 1/1
    61 | D:1      | Reached skill level 1 in Armour
   133 | D:1      | Reached skill level 5 in Slings
   209 | D:1      | Reached XP level 3. HP: 19/30 MP: 2/2
  1057 | D:2      | Reached XP level 4. HP: 37/37 MP: 3/3
  1520 | D:2      | Reached skill level 6 in Slings
  1755 | D:3      | Found a hide-covered altar of Uskayaw.
  2072 | D:3      | Noticed Grinder
  2081 | D:3      | Paralysed by Grinder for 7 turns
  2092 | D:3      | Slain by Grinder

Skill      XL: |  1  2  3  4 |
---------------+-------------+-----
Armour         | 1 |  1.7
Slings         | 5 6 |  6.2
Fighting       | |  2.9
Dodging        | |  2.2
Stealth        | |  0.7

Action                   |  1- 3 |  4- 6 || total
-------------------------+-------+-------++-------
 Fire: Hunting sling     |   108 |    89 ||   197
  Eat: Chunk             |       |     3 ||     3
Armor: Leather armour    |     8 |       ||     8
       Chain mail        |    13 |    18 ||    31
Dodge: Dodged            |    26 |     9 ||    35
Block: Shield            |       |     6 ||     6
